 Dungeon Crawl Stone Soup version 0.22.1-1-ga44c0e56f4 (webtiles) character file.

10530 Morbidden the Zephyrmancer (level 11, -1/60 HPs)
             Began as a Tengu Air Elementalist on Oct 7, 2018.
             Was a High Priest of Okawaru.
             Slain by a centaur (10 damage)
             ... on level 11 of the Dungeon on Oct 8, 2018.
             The game lasted 00:51:34 (11891 turns).

Morbidden the Zephyrmancer (TeAE)                  Turns: 11891, Time: 00:51:34

Health: -1/60      AC:  5    Str:  9    XL:     11   Next: 63%
Magic:  3/24       EV: 15    Int: 18    God:    Okawaru [*****.]
Gold:   566        SH:  7    Dex: 21    Spells: 13/26 levels left

rFire    . . .     SeeInvis .   j - +1 short sword (elec)
rCold    + . .     Gourm    .   x - +1 buckler
rNeg     + . .     Faith    .   G - +0 robe of Gozag's Supremacy {*Drain rElec Dex+6}
rPois    .         Spirit   .   (helmet restricted)
rElec    +         Reflect  .   l - +2 cloak
rCorr    .         Harm     .   (no gloves)
MR       .....                  (boots unavailable)
Stlth    ++........             (no amulet)
HPRegen  0.20/turn              D - ring of protection from cold
MPRegen  0.19/turn              p - ring of positive energy

@: no status effects
A: beak, talons 3, able to fly 1
a: Fly, Heroism, Finesse, Renounce Religion


You were on level 11 of the Dungeon.
You worshipped Okawaru.
Okawaru was extremely pleased with you.
You were hungry.

You visited 1 branch of the dungeon, and saw 11 of its levels.

You collected 566 gold pieces.

Inventory:

Hand Weapons
 j - a +1 short sword of electrocution (weapon)
 C - a +2 falchion
Armour
 l - a +2 cloak (worn)
 x - a +1 buckler (worn)
 G - the +0 robe of Gozag's Supremacy (worn) {*Drain rElec Dex+6}
   (You found it on level 8 of the Dungeon)

   It affects your dexterity (+6).
   It insulates you from electricity.
   It causes draining when unequipped.
Jewellery
 p - a ring of positive energy (right hand)
 D - a ring of protection from cold (left hand)
Wands
 m - a wand of paralysis (12)
 n - a wand of enslavement (11)
 v - a wand of random effects (55)
 y - a wand of clouds (5)
 A - a wand of polymorph (6)
 E - a wand of disintegration (26)
 H - a wand of acid (4)
Scrolls
 a - 2 scrolls of teleportation
 b - a scroll of fear {unknown}
 d - 2 scrolls of immolation
 h - 3 scrolls of enchant armour
 k - 2 scrolls of enchant weapon {unknown}
 o - 2 scrolls of magic mapping
 q - 2 scrolls of remove curse
 u - 3 scrolls of fog {unknown}
 B - a scroll of noise {unknown}
 I - a scroll of amnesia {unknown}
 K - a scroll of identify
Potions
 i - 3 potions of mutation
 r - 2 potions of might
 s - a potion of brilliance {unknown}
 t - 2 potions of cancellation
 w - a potion of degeneration {unknown}
 z - a potion of flight {unknown}
 F - a potion of agility
Comestibles
 c - 11 rations
 J - a chunk of flesh


   Skills:
 + Level 3.1 Fighting
 * Level 6.8 Long Blades
 + Level 4.6 Dodging
 - Level 2.1 Stealth
 - Level 4.1 Shields
 + Level 8.1 Spellcasting
 + Level 11.3 Conjurations
 + Level 11.9 Air Magic
 * Level 3.2 Invocations
 + Level 0.2 Evocations


You had 13 spell levels left.
You knew the following spells:

 Your Spells              Type           Power        Failure   Level  Hunger
a - Shock                 Conj/Air       ####         1%          1    None
b - Airstrike             Air            ######....   1%          4    ###....
c - Lightning Bolt        Conj/Air       #####.....   2%          5    #####..
d - Static Discharge      Conj/Air       #####...     1%          3    #......

Your spell library contained the following spells:

 Spells                   Type           Power        Failure   Level  Hunger
 Swiftness                Chrm/Air       ####....     1%          2    None
 Dazzling Spray           Conj/Hex       ####..       2%          3    #......
 Corona                   Hex            #......      10%         1    None
 Ensorcelled Hibernation  Hex/Ice        #.....       14%         2    None
 Confuse                  Hex            #.......     28%         3    #......
 Tukima's Dance           Hex            #.......     28%         3    #......


Dungeon Overview and Level Annotations

Branches:
Dungeon (11/15)            Temple (0/1) D:4             Orc (0/2) D:11
   Lair: D:8-11

Altars:
Ashenzari
Cheibriados
Dithmenos
Fedhas
Hepliaklqana
Nemelex Xobeh
Okawaru
Ru
Sif Muna
Trog
Uskayaw
Wu Jian
Xom
Yredelemnul
Zin
The Shining One

Shops:
D:4 *   D:7 (   D:10 !

Annotations:
D:4 2 runed doors, soupsoups's ghost, amateur OgHu


Innate Abilities, Weirdness & Mutations

You have a beak for a mouth.
You have claws for feet.
You can fly.


Message History

* * * LOW HITPOINT WARNING * * *
Unknown command.
Unknown command.
Casting: Shock (safe; 1% risk of failure)
Confirm with . or Enter, or press ? or * to list all spells.
Aiming: Shock (safe; 1% risk of failure)
Press: ? - help, Shift-Dir - straight line The zap hits the orc priest.
The orc priest is heavily wounded.
The centaur hits you.
* * * LOW HITPOINT WARNING * * *
An orc wizard comes into view. It is wielding a dagger.
Unknown command.
Unknown command.
Unknown command.
Unknown command.
Unknown command.
Unknown command.
You feel better. The centaur hits you!
You die...

#...(...#########
#........).......
#.......(........
#........c.......
########(.)......
#.(...o.cc.cC...
#.(..)#..5......
#.(.co#...o.....
#....@#....c....
#.....#.......c.
#.....#.........
#.....'........
#..(..#.......
#....(# #.....#
#.....#


You could see a centaur, an orc priest and an orc wizard.

Vanquished Creatures
  Pikel (D:4)
  2 deep elf magi
  An ugly thing (D:7)
  A cyclops (D:11)
  A troll (D:11)
  A hornet (D:10)
  Prince Ribbit (D:8)
  A hippogriff (D:9)
  A vampire (D:9)
  Eustachio (D:4)
  4 hogs (D:8)
  A human (D:8)
  2 hungry ghosts
  A water moccasin (D:9)
  3 sky beasts
  7 orc warriors
  A black bear (D:9)
  An ice beast (D:8)
  A necrophage (D:7)
  5 ogres
  5 centaurs
  A crocodile (D:9)
  4 big kobolds
  11 bullfrogs
  2 gnoll sergeants
  A wyvern skeleton (D:10)
  5 scorpions
  A water moccasin skeleton (D:8)
  11 killer bees
  9 wights
  A howler monkey (D:3)
  5 crimson imps
  A bullfrog zombie (D:9)
  A centaur zombie (D:5)
  3 hounds
  7 orc wizards
  2 quasits
  2 bullfrog skeletons
  2 centaur skeletons
  7 orc priests
  Crazy Yiuf (D:2)
  2 jellies
  3 iguanas
  Ijyb (D:3)
  Natasha (thrice) (D:2)
  9 worker ants
  A killer bee zombie (D:7)
  A hound skeleton (D:9)
  A mummy (D:7)
  2 worker ant zombies
  Robin (D:2)
  9 adders
  16 gnolls
  2 shadow imps
  3 oozes
  A worm (D:3)
  3 dart slugs
  2 leopard geckos
  40 orcs
  4 giant cockroaches
  13 goblins
  11 hobgoblins
  6 jackals
  15 kobolds
  3 quokkas
  7 bats
  6 frilled lizards
  A jackal skeleton (D:7)
  A leopard gecko zombie (D:6)
  A quokka skeleton (D:6)
  6 rats
  A fungus (D:2)
294 creatures vanquished.

Vanquished Creatures (others)
  An ogre (D:4)
  A sky beast (D:9)
  A slave (D:4)
  An orc wizard (D:4)
  A bullfrog skeleton (D:4)
  2 adders (D:5)
  3 orcs (D:4)
10 creatures vanquished.

Grand Total: 304 creatures vanquished

Notes
Turn   | Place    | Note
-------+----------+-------------------------------------------
     0 | D:1      | Morbidden the Tengu Air Elementalist began the quest for
                  | the Orb.
     0 | D:1      | Reached XP level 1. HP: 10/10 MP: 4/4
    80 | D:1      | Reached XP level 2. HP: 15/15 MP: 1/6
   766 | D:1      | Reached XP level 3. HP: 19/19 MP: 4/7
   919 | D:2      | Noticed Robin
   985 | D:2      | Reached skill level 5 in Air Magic
  1058 | D:2      | Noticed Natasha
  1073 | D:2      | Killed Natasha
  1073 | D:2      | Reached XP level 4. HP: 15/24 MP: 5/8
  1109 | D:2      | Killed Robin
  1173 | D:2      | Learned a level 4 spell: Airstrike
  1351 | D:2      | Noticed Natasha
  1458 | D:2      | Found a sacrificial altar of Ru.
  1528 | D:2      | Gained mutation: You can fly. [Tengu growth]
  1528 | D:2      | Reached XP level 5. HP: 25/28 MP: 10/10
  1651 | D:2      | Killed Natasha
  1736 | D:2      | Found a glowing golden altar of the Shining One.
  1736 | D:2      | Found a shadowy altar of Dithmenos.
  1738 | D:2      | Found a sparkling altar of Nemelex Xobeh.
  1738 | D:2      | Found a hide-covered altar of Uskayaw.
  1755 | D:2      | Found a bloodstained altar of Trog.
  1770 | D:2      | Found a glowing silver altar of Zin.
  1919 | D:2      | Noticed Natasha
  1924 | D:2      | Killed Natasha
  1958 | D:2      | Found a runed door.
  1962 | D:2      | Noticed Crazy Yiuf
  1971 | D:2      | Killed Crazy Yiuf
  2142 | D:3      | Noticed Ijyb
  2158 | D:3      | Killed Ijyb
  2158 | D:3      | Reached XP level 6. HP: 31/33 MP: 9/11
  2771 | D:4      | Noticed Eustachio
  2777 | D:4      | Reached skill level 1 in Long Blades
  2841 | D:4      | Killed Eustachio
  2841 | D:4      | Reached skill level 5 in Conjurations
  2841 | D:4      | Reached XP level 7. HP: 15/37 MP: 1/13
  2953 | D:4      | Noticed Pikel
  2972 | D:4      | Killed Pikel
  2972 | D:4      | Reached skill level 1 in Fighting
  2972 | D:4      | Reached XP level 8. HP: 18/43 MP: 2/14
  3094 | D:4      | Found a blossoming altar of Fedhas.
  3137 | D:4      | Found an iron altar of Okawaru.
  3164 | D:4      | Became a worshipper of Warmaster Okawaru
  3218 | D:4      | Found an ornate altar of the Wu Jian Council.
  3561 | D:4      | Found a large runed door.
  3562 | D:4      | Found a large runed door.
  3569 | D:4      | Noticed soupsoups's ghost (amateur OgHu)
  3588 | D:4      | Found Boint's General Store.
  3702 | D:4      | Found a staircase to the Ecumenical Temple.
  4188 | D:5      | Entered Level 5 of the Dungeon
  5241 | D:6      | Reached skill level 1 in Shields
  5506 | D:6      | Reached * piety under Okawaru
  5665 | D:6      | Found a deep blue altar of Sif Muna.
  5691 | D:6      | Reached XP level 9. HP: 47/47 MP: 11/16
  6258 | D:7      | Found Voecob's Antique Weapon Shop.
  6280 | D:7      | Reached skill level 5 in Spellcasting
  6287 | D:7      | Reached ** piety under Okawaru
  6393 | D:7      | Noticed a red ugly thing
  6576 | D:7      | Learned a level 5 spell: Lightning Bolt
  6667 | D:7      | Found a shattered altar of Ashenzari.
  6734 | D:7      | Reached skill level 10 in Air Magic
  7023 | D:7      | Killed a red ugly thing
  7023 | D:7      | Reached *** piety under Okawaru
  7023 | D:7      | Reached XP level 10. HP: 28/53 MP: 2/19
  7281 | D:7      | Found a shimmering altar of Xom.
  7282 | D:7      | Found a hazy altar of Hepliaklqana.
  7282 | D:7      | Noticed a caustic shrike
  7283 | D:7      | Noticed a spectral ugly thing
  7283 | D:7      | Noticed a caustic shrike
  7340 | D:7      | Found a snail-covered altar of Cheibriados.
  7429 | D:8      | Reached skill level 10 in Conjurations
  7443 | D:8      | Noticed Prince Ribbit
  7569 | D:8      | Killed Prince Ribbit
  7651 | D:8      | Got a smoking robe
  7653 | D:8      | Identified the +0 robe of Gozag's Supremacy {*Drain rElec
                  | Dex+6} (You found it on level 8 of the Dungeon)
  7668 | D:8      | Learned a level 3 spell: Static Discharge
  7836 | D:8      | Noticed a deep elf mage
  7849 | D:8      | Killed a deep elf mage
  7849 | D:8      | Reached skill level 5 in Long Blades
  8334 | D:8      | Reached **** piety under Okawaru
  8849 | D:8      | Found a basalt altar of Yredelemnul.
  9048 | D:8      | Reached skill level 1 in Invocations
  9406 | D:9      | Got a bloodstained dagger
  9415 | D:9      | Identified the +3 dagger "Seats" {flame, *Noise +Fly rElec}
                  | (You found it on level 9 of the Dungeon)
  9440 | D:9      | Reached XP level 11. HP: 56/59 MP: 10/22
  9481 | D:9      | Reached ***** piety under Okawaru
 10602 | D:10     | Entered Level 10 of the Dungeon
 10602 | D:10     | Found Upeuc's Distillery.
 10774 | D:10     | Received a gift from Okawaru
 10934 | D:10     | Noticed a deep elf mage
 10939 | D:10     | Killed a deep elf mage
 11823 | D:11     | Found a staircase to the Orcish Mines.
 11872 | D:11     | Noticed a cyclops
 11888 | D:11     | Killed a cyclops
 11890 | D:11     | HP: 1/60 [centaur (5)]
 11891 | D:11     | Slain by a centaur

Skill      XL: |  1  2  3  4  5  6  7  8  9 10 11 |
---------------+----------------------------------+-----
Conjurations   | 2 3 4 5 6 8 9 10 11 | 11.3
Air Magic      | 5 6 7 8 9 10 11 | 11.9
Spellcasting   | 3 4 5 6 8 |  8.1
Long Blades    | 1 2 3 4 6 |  6.8
Fighting       | 1 2 3 |  3.1
Dodging        | 3 4 |  4.6
Shields        | 1 3 4 |  4.1
Invocations    | 1 3 |  3.2
Stealth        | |  2.1
Evocations     | |  0.2

Action                   |  1- 3 |  4- 6 |  7- 9 | 10-12 || total
-------------------------+-------+-------+-------+-------++-------
Melee: Unarmed           |     8 |       |       |       ||     8
       Peck              |     2 |     5 |     5 |    30 ||    42
       Kick              |     1 |     9 |     9 |    43 ||    62
       Short sword       |       |    59 |    84 |   152 ||   295
 Cast: Shock             |    49 |   103 |   183 |   328 ||   663
       Airstrike         |       |     1 |       |    23 ||    24
       Lightning Bolt    |       |       |     8 |    24 ||    32
       Static Discharge  |       |       |       |    10 ||    10
Invok: Heroism           |       |       |       |     5 ||     5
 Abil: Fly               |       |     1 |       |       ||     1
Evoke: Wand              |       |       |       |     2 ||     2
  Use: Scroll            |       |     3 |     1 |     7 ||    11
       Potion            |       |       |     8 |     4 ||    12
 Stab: Sleeping          |       |     5 |       |       ||     5
  Eat: Chunk             |     1 |     5 |    10 |    17 ||    33
       Ration            |       |       |     6 |     2 ||     8
Armor: Robe              |     5 |    15 |     9 |    32 ||    61
       Skin              |       |       |    43 |     6 ||    49
Dodge: Dodged            |    17 |    53 |    56 |   151 ||   277
Block: Buckler           |       |       |    41 |    77 ||   118
